 Dungeon Crawl Stone Soup version 0.28-a0-1567-g1695149f81 (webtiles) character file.

Game seed: 10146200508602075011

605 comborobin the Grappler (level 7, -5/66 HPs)
             Began as a Troll Cinder Acolyte on Jan 20, 2022.
             Was an Initiate of Cheibriados.
             Slain by a fire elemental (13 damage)
             ... created by the fiery vengeance of Ignis
             ... on level 5 of the Dungeon.
             The game lasted 00:01:48 (996 turns).

comborobin the Grappler (Troll Cinder Acolyte)       Turns: 996, Time: 00:01:49

Health: -5/66      AC:  4    Str: 24    XL:     7   Next: 19%
Magic:  7/7        EV:  9    Int: 11    God:    Cheibriados [......]
Gold:   56         SH:  0    Dex:  8    Spells: 8/8 levels left

rFire   . . .      SeeInvis .     - Unarmed
rCold   . . .      Faith    .   (no shield)
rNeg    . . .      Spirit   .   a - +0 robe
rPois   .          Reflect  .   (helmet restricted)
rElec   .          Harm     .   (no cloak)
rCorr   .          Rampage  .   (gloves unavailable)
Will    .....                   (boots unavailable)
Stlth   +.........              (no amulet)
HPRegen 1.01/turn               (no ring)
MPRegen 0.10/turn               (no ring)

@: fire susceptible, very slow
A: large, unfitting armour, claws 3, regeneration 1, shaggy fur 1, tough skin 1
a: Renounce Religion


You were on level 5 of the Dungeon.
You worshipped Cheibriados.
Cheibriados was noncommittal.
You visited 2 branches of the dungeon, and saw 6 of its levels.

You collected 56 gold pieces.

Inventory:

Armour
 a - a +0 robe (worn)
Scrolls
 b - a scroll of fog {unknown}
 c - a scroll of identify {unknown}
 d - a scroll of noise {unknown}


   Skills:
 - Level 2.4 Fighting
 + Level 8.3 Unarmed Combat
 - Level 1.0 Spellcasting
 - Level 2.2 Fire Magic


You had 8 spell levels left.
You didn't know any spells.
Your spell library contained the following spells:

 Spells                   Type           Power      Damage    Failure   Level
 Scorch                   Fire           10%        2d6       21%         2
 Animate Skeleton         Necr           0%         N/A       32%         1
 Pain                     Necr           0%         1d4       32%         1
 Inner Flame              Hex/Fire       2%         N/A       52%         3
 Vampiric Draining        Necr           0%         2d6       67%         3
 Cause Fear               Hex            0%         N/A       97%         4
 Discord                  Hex            0%         N/A       100%        8


Dungeon Overview and Level Annotations

Branches:
Dungeon (5/15)             Temple (1/1) D:5

Altars:
Cheibriados
Kikubaaqudgha
Makhleb


Innate Abilities, Weirdness & Mutations

You are too large for most types of armour.
You have claws for hands.
Your natural rate of healing is unusually fast.
You are covered in fur. (AC +1)
You have tough skin. (AC +1)


Message History

The howler monkey skeleton is heavily damaged.
You claw the howler monkey skeleton!
You destroy the howler monkey skeleton!
Cheibriados thoroughly appreciates the change of pace.
No target in view!
No target in view! "Attack, my last stalwart servants!"
The divine experience confuses you!
You are confused. 2 fire elementals come into view.
There are monsters nearby!
There are monsters nearby!
You are too confused!
Unknown command.
Okay, then.
You are too confused!
Unknown command.
It was a potion of curing.
You feel better. The fire elemental hits you. The fire elemental burns you!
The fire elemental hits you. The fire elemental burns you!
The fire elemental closely misses you. The fire elemental hits you.
The fire elemental burns you! The fire elemental hits you.
The fire elemental burns you!
There is a stone staircase leading down here.
The fire elemental hits you. The fire elemental burns you!
The fire elemental hits you. The fire elemental burns you!
* * * LOW HITPOINT WARNING * * *
The fire elemental closely misses you.
You climb downwards.
There is a stone staircase leading up here.
Unknown command.
Unknown command.
Unknown command.
You claw the fire elemental!
The fire elemental is moderately damaged.
The fire elemental hits you. The fire elemental burns you!
* * * LOW HITPOINT WARNING * * *
The fire elemental hits you.
* * * LOW HITPOINT WARNING * * *
The fire elemental burns you!
You die...

############
..........>#
#........#.#
#........#.#
#........#.#
#........#.########
#........#........#
#........#..#####.#
#........#....E@#
#............##E#
#........#.#.#..#
###.####...#.#..#
## #.# #.###.#..#
..##.####.# #.#..#
#.........#
#.####.#
#....######
#......# #....#
#......#####


You could see 2 fire elementals.

Vanquished Creatures
  Eustachio (D:5)
  Menkaure (D:5)
  A necrophage (D:5)
  A scorpion (D:4)
  A water moccasin skeleton (D:5)
  An orc wizard (D:5)
  A hound skeleton (D:4)
  Robin (D:2)
  A howler monkey skeleton (D:4)
  4 adders
  A white imp (D:5)
  A dart slug (D:2)
  3 orcs
  3 endoplasms
  A giant cockroach (D:3)
  13 goblins
  8 hobgoblins
  7 jackals
  A quokka (D:1)
  2 ball pythons
  5 bats
  A frilled lizard (D:1)
  A kobold (D:2)
  A rat (D:3)
61 creatures vanquished.

Vanquished Creatures (others)
  11 foxfires (D:5)
11 creatures vanquished.

Grand Total: 72 creatures vanquished

Notes
Turn   | Place    | Note
-------+----------+-------------------------------------------
     0 | D:1      | comborobin the Troll Cinder Acolyte began the quest for the
                  | Orb.
     0 | D:1      | Reached XP level 1. HP: 22/22 MP: 1/1
   103 | D:1      | Reached XP level 2. HP: 28/29 MP: 2/2
   188 | D:2      | Noticed Robin
   191 | D:2      | Killed Robin
   192 | D:2      | Reached skill level 4 in Unarmed Combat
   194 | D:2      | Reached XP level 3. HP: 33/36 MP: 3/3
   427 | D:3      | Reached XP level 4. HP: 43/44 MP: 4/4
   439 | D:3      | Reached skill level 5 in Unarmed Combat
   545 | D:4      | Noticed a scorpion
   569 | D:4      | Killed a scorpion
   570 | D:4      | Reached XP level 5. HP: 15/50 MP: 5/5
   584 | D:5      | Entered Level 5 of the Dungeon
   584 | D:5      | Found a staircase to the Ecumenical Temple.
   595 | D:5      | Reached skill level 6 in Unarmed Combat
   603 | Temple   | Entered the Ecumenical Temple
   707 | Temple   | Fell from the grace of Ignis
   707 | Temple   | Became a worshipper of Cheibriados the Contemplative
   764 | D:5      | Noticed Eustachio
   772 | D:5      | Noticed a necrophage
   782 | D:5      | Killed Eustachio
   783 | D:5      | Reached skill level 7 in Unarmed Combat
   783 | D:5      | Reached XP level 6. HP: 35/59 MP: 6/6
   914 | D:5      | Noticed Menkaure
   925 | D:5      | Killed Menkaure
   926 | D:5      | Reached skill level 8 in Unarmed Combat
   926 | D:5      | Reached XP level 7. HP: 18/66 MP: 7/7
   985 | D:4      | Noticed a fire elemental
   985 | D:4      | Noticed a fire elemental
   996 | D:5      | Slain by a fire elemental

Illustrated notes

Levels and vault maps discovered:
D:1:      beargit_arrival_diablo_church, layout_basic
D:2:      layout_loops_corners, basic_altar, uniq_robin
D:3:      layout_basic
D:4:      layout_gridville
D:5:      minmay_chambers_of_fours, layout_basic,
          minmay_temple_entry_statues_fountains, grunt_ministairs_2,
          uniq_menkaure, uniq_eustachio
Temple:   mainiacjoe_temple_cubbyholes

Skill      XL: |  1  2  3  4  5  6 |
---------------+-------------------+-----
Unarmed Combat | 4 5 7 8 |  8.3
Fighting       | |  2.4
Spellcasting   | |  1.0
Fire Magic     | |  2.2

Action                   |  1- 3 |  4- 6 |  7- 9 || total
-------------------------+-------+-------+-------++-------
Melee: Unarmed           |    60 |    70 |     8 ||   138
       Punch             |       |     3 |       ||     3
Invok: Fiery Armour      |     1 |     1 |       ||     2
       Foxfire Swarm     |       |     1 |       ||     1
  Use: Potion            |       |     3 |     1 ||     4
 Stab: Invisible         |       |     3 |       ||     3
Armor: Robe              |    34 |    20 |     6 ||    60
Dodge: Dodged            |    43 |    33 |     8 ||    84

Table legend: (Time is in decaauts)
 A = Elapsed time spent in this place.
 B = Non-inter-level travel time spent in this place.
 C = Inter-level travel time spent in this place.
 D = Time resting spent in this place.
 E = Time spent auto-exploring this place.
 F = Levels seen in this place.
 G = Mean time per level.
                   A        B        C        D        E       F      G
               +--------+--------+--------+--------+--------+-----+--------+
         Total |   1039 |    941 |     98 |     33 |    614 |   6 |  173.2 |
       Dungeon |    894 |    853 |     41 |     33 |    528 |   5 |  178.8 |
        Temple |    144 |     88 |     56 |      0 |     86 |   1 |  144.0 |
               +--------+--------+--------+--------+--------+-----+--------+

Top non-repeatable levels by time:
     D:5: 289 daAuts
     D:3: 194 daAuts
     D:1: 186 daAuts
  Temple: 144 daAuts
     D:4: 129 daAuts
     D:2: 94 daAuts
